AoeStats
← Teutanik

Arena

505891175Analyzed
4v4 RM · 21d ago on Sep 11, 2026· 53m 18s· 8 players
Game mode
Random Map
Map size
Large (8 player)
Population
200
Speed
Normal
Resources
Standard
Victory
Conquest
Starting age
Dark Age
Ending age
Imperial Age
RankedLock teamsTeams togetherTeam positionsShared explorationLock speedFull tech treeHidden civsTurbo modeCheats
Victory
Defeat
🇺🇾 Poles · Uruguay
1091
+14
🇺🇾 Britons · Uruguay
1087
+15
🇺🇾 Mongols · Uruguay
1083
+15
🇸🇪 Khmer · Sweden
1062
+16
🇩🇪 Vietnamese · Germany
1197
-21
🇩🇪 Persians · Germany
1164
-19
🇦🇹 Spanish · Austria
967
-34
🇩🇪 Armenians · Germany
900
-9
The Outpost Man
12:16 Feudal Age
12:52 Horse Collar
13:37 Double-Bit Axe
16:18 Castle Age
15:16 Stone Mining
15:18 Gold Mining
16:05 Wheelbarrow
17:23 Heavy Plow
17:48 Bow Saw
19:27 Loom
23:41 Stone Shaft Mining
27:24 Town Watch
29:08 Bloodlines
28:58 Husbandry
31:42 Imperial Age
30:53 Tusk Swords
31:05 Forging
31:00 Scale Barding Armor
30:47 Fletching
30:57 Padded Archer Armor
32:05 Gold Shaft Mining
30:55 Light Cavalry
32:30 Iron Casting
33:09 Chain Barding Armor
32:35 Hussar
34:56 Blast Furnace
37:15 Plate Barding Armor
37:19 Cavalier
37:51 Elite Battle Elephant
40:00 Caravan
41:13 Bodkin Arrow
41:33 Leather Archer Armor
44:05 Elite Skirmisher
44:46 Bracer
45:17 Ring Archer Armor
46:22 Hand Cart
46:36 Ballistics
47:16 Chemistry
46:27 Fortified Wall
48:11 Town Patrol
Codplayer
10:16 Feudal Age
12:04 Loom
15:42 Castle Age
15:07 Bloodlines
14:52 Double-Bit Axe
14:47 Horse Collar
26:41 Scale Barding Armor
29:54 Chain Barding Armor
29:44 Forging
34:11 Iron Casting
38:45 Husbandry
40:41 Ballistics
42:07 Fletching
44:53 Imperial Age
45:00 Imperial Age
43:09 Bodkin Arrow
43:14 Padded Archer Armor
43:22 Thumb Ring
43:59 Gold Mining
44:55 Leather Archer Armor
45:21 Town Watch
46:13 Wheelbarrow
45:51 Bow Saw
46:47 Chemistry
45:51 Bracer
46:19 Parthian Tactics
46:20 Conscription
46:34 Heavy Plow
46:11 Capped Ram
46:53 Nomads
46:33 Heavy Camel Rider
50:25 Hand Cart
50:58 Elite Mangudai
A Casa Gordito
12:36 Feudal Age
16:30 Castle Age
14:54 Double-Bit Axe
14:52 Horse Collar
17:42 Bow Saw
17:55 Heavy Plow
18:34 Wheelbarrow
24:41 Gold Mining
24:42 Stone Mining
26:55 Hand Cart
27:43 Gold Shaft Mining
31:25 Imperial Age
28:51 Fletching
29:01 Padded Archer Armor
29:58 Loom
30:55 Bodkin Arrow
31:15 Leather Archer Armor
32:11 Bracer
32:13 Scale Mail Armor
33:01 Pikeman
33:42 Squires
33:27 Arson
34:32 Chain Mail Armor
34:27 Forging
36:18 Fortified Wall
36:35 Conscription
37:43 Two-Man Saw
36:42 Elite Longbowman
39:38 Chemistry
39:02 Yeomen
39:10 Yeomen
38:57 Warwolf
41:13 Halberdier
42:32 Iron Casting
42:27 Plate Mail Armor
43:34 Siege Engineers
43:50 Ballistics
51:05 Yeomen
51:26 Town Watch
52:45 Blast Furnace
52:16 Ring Archer Armor
Vincun
11:33 Feudal Age
16:44 Castle Age
14:46 Horse Collar
15:12 Double-Bit Axe
19:06 Heavy Plow
19:21 Bow Saw
19:04 Loom
21:42 Stone Mining
26:51 Szlachta Privileges
28:40 Forging
28:37 Scale Barding Armor
28:47 Bloodlines
28:36 Gold Mining
29:01 Husbandry
29:20 Fletching
30:26 Stone Shaft Mining
31:05 Wheelbarrow
35:28 Imperial Age
33:15 Hand Cart
34:29 Chain Barding Armor
35:38 Cavalier
38:43 Conscription
43:19 Town Watch
44:11 Iron Casting
43:35 Bodkin Arrow
44:54 Caravan
46:25 Blast Furnace
44:51 Light Cavalry
45:36 Winged Hussar
Sulpog
10:33 Feudal Age
13:59 Castle Age
12:17 Double-Bit Axe
13:25 Horse Collar
15:57 Bow Saw
20:56 Wheelbarrow
23:01 Gold Mining
23:48 Hand Cart
27:24 Imperial Age
25:37 Gold Shaft Mining
25:45 Forging
26:05 Loom
26:06 Town Watch
26:35 Scale Barding Armor
27:25 Iron Casting
28:10 Chain Barding Armor
28:06 Heavy Plow
29:08 Two-Man Saw
27:34 Cavalier
29:31 Blast Furnace
28:59 Husbandry
29:32 Bloodlines
28:56 Savar
30:59 Plate Barding Armor
31:26 Town Patrol
33:01 Conscription
34:15 Elite War Elephant
35:19 Fletching
35:29 Padded Archer Armor
43:24 Heavy Camel Rider
47:42 Leather Archer Armor
47:22 Bodkin Arrow
48:15 Thumb Ring
48:48 Ballistics
49:29 Crossbowman
50:56 Kamandaran
53:11 Chemistry
53:00 Ring Archer Armor
jNad21
1:41 Loom
10:45 Feudal Age
9:02 Loom
16:41 Castle Age
15:37 Horse Collar
28:33 Padded Archer Armor
35:21 Leather Archer Armor
47:14 Imperial Age
48:57 Cavalier
49:37 Husbandry
49:48 Bloodlines
49:49 Scale Barding Armor
49:54 Forging
49:26 Capped Ram
49:35 Capped Ram
50:59 Paladin
52:49 Chain Barding Armor
Teutanik
5:22 Loom
10:50 Feudal Age
11:53 Double-Bit Axe
13:03 Horse Collar
17:42 Castle Age
19:33 Heavy Plow
20:33 Bow Saw
21:10 Wheelbarrow
20:03 Man-at-Arms
23:16 Long Swordsman
23:31 Pikeman
24:16 Long Swordsman
25:41 Gold Mining
25:51 Two-Handed Swordsman
27:19 Fletching
27:44 Forging
27:37 Scale Mail Armor
28:49 Bodkin Arrow
31:31 Champion
36:27 Halberdier
41:47 Imperial Age
42:54 Capped Ram
45:14 Iron Casting
44:43 Bracer
48:58 Hoardings
48:11 Siege Ram
Cheriten
10:37 Feudal Age
9:11 Loom
14:44 Castle Age
14:00 Double-Bit Axe
13:57 Horse Collar
16:42 Husbandry
24:02 Bloodlines
27:24 Wheelbarrow
27:17 Bow Saw
27:56 Scale Barding Armor
28:16 Hand Cart
28:47 Light Cavalry
30:29 Forging
32:35 Heavy Plow
34:31 Chain Barding Armor
34:47 Iron Casting
34:14 Town Watch
36:01 Pikeman
36:41 Squires
37:19 Scale Mail Armor
43:50 Imperial Age
42:38 Chain Mail Armor
44:38 Elite Fire Lancer
45:04 Arson
45:51 Plate Mail Armor
49:05 Fletching
49:18 Padded Archer Armor
49:24 Town Patrol
49:40 Gold Mining
50:37 Bodkin Arrow
50:57 Leather Archer Armor
50:20 Halberdier
52:29 Ballistics
53:09 Chemistry
52:58 Bracer
53:29 Ring Archer Armor
Connection lost

Rejoining the realm…

Still unreachable

The connection could not be restored.

Session expired

The server has moved on; the page needs a fresh start.